 Dungeon Crawl Stone Soup version 0.27-a0-1548-gf8a67e7463 (webtiles) character file.

Game seed: 14928759302044113220

28 Lemonice the Covert (level 3, -3/35 HPs)
             Began as a Gnoll Delver on July 14, 2021.
             Slain by a lemure (5 damage)
             ... led by Pikel
             ... on level 6 of the Dungeon.
             The game lasted 00:00:26 (65 turns).

Lemonice the Covert (Gnoll Delver)                    Turns: 65, Time: 00:00:27

Health: -3/35      AC:  3    Str: 12    XL:     3   Next: 12%
Magic:  3/3        EV: 13    Int:  9    God:
Gold:   22         SH:  0    Dex: 13    Spells: 3/3 levels left

rFire    . . .     SeeInvis .   a - +0 falchion
rCold    . . .     Faith    .   (no shield)
rNeg     . . .     Spirit   .   b - +0 leather armour
rPois    .         Reflect  .   (no helmet)
rElec    .         Harm     .   (no cloak)
rCorr    .         Rampage  .   (no gloves)
Will     .....                  (no boots)
Stlth    ++++......             (no amulet)
HPRegen  0.11/turn              (no ring)
MPRegen  0.08/turn              (no ring)

@: no status effects
A: fangs 1, strong nose, distributed training
a: no special abilities


You were on level 6 of the Dungeon.
You visited 1 branch of the dungeon, and saw 2 of its levels.

You collected 22 gold pieces.

Inventory:

Hand Weapons
 a - a +0 falchion (weapon)
Armour
 b - a +0 leather armour (worn)
Wands
 g - a wand of digging (3)
Scrolls
 c - a scroll of fog
 d - a scroll of identify {unknown}
 e - a scroll of fear
Potions
 f - a potion of haste


   Skills:
 + Level 6.5 Fighting
 + Level 0.6 Short Blades
 + Level 4.5 Long Blades
 + Level 0.6 Axes
 + Level 0.6 Maces & Flails
 + Level 0.6 Polearms
 + Level 0.6 Staves
 + Level 0.6 Slings
 + Level 0.6 Bows
 + Level 0.6 Crossbows
 + Level 0.6 Throwing
 + Level 0.6 Armour
 + Level 4.5 Dodging
 + Level 9.5 Stealth
 + Level 0.6 Shields
 + Level 0.6 Unarmed Combat
 + Level 0.6 Spellcasting
 + Level 0.4 Conjurations
 + Level 0.4 Hexes
 + Level 0.4 Summonings
 + Level 0.4 Necromancy
 + Level 0.4 Translocations
 + Level 0.4 Transmutations
 + Level 0.4 Fire Magic
 + Level 0.4 Ice Magic
 + Level 0.4 Air Magic
 + Level 0.4 Earth Magic
 + Level 0.4 Poison Magic
 + Level 0.8 Invocations
 + Level 0.6 Evocations


You had 3 spell levels left.
You didn't know any spells.
Your spell library was empty.

Dungeon Overview and Level Annotations

Branches:
Dungeon (6/15)
 Temple: D:4-7

Altars:

Annotations:
D:6 Pikel


Innate Abilities, Weirdness & Mutations

You have very sharp teeth.
Your uncanny sense of smell can sniff out nearby items.
Your experience applies equally to all skills.


Message History

You climb downwards.
The lemure shouts!
You hear a shout! x2
Found 5 stones.
There is a stone staircase leading up here.
The lemure hits you!
You barely miss the lemure. The lemure hits you.
You closely miss the lemure. The lemure hits you.
You barely miss the lemure. The lemure hits you.
You slash the lemure!
The lemure is moderately wounded.
A lemure comes into view.
The lemure barely misses you.
You barely miss the lemure.
The lemure shouts!
You bite the lemure, but do no damage.
The lemure is moderately wounded.
The lemure closely misses you.
Pikel the Slaver comes into view.
He is wielding a +1 whip of electrocution.
You closely miss the lemure.
The lemure is moderately wounded.
The lemure barely misses you.
Pikel shouts!
You hit the lemure.
The lemure is moderately wounded.
You hear a shout!
The lemure hits you.
* * * LOW HITPOINT WARNING * * *
The lemure closely misses you.
You riposte.
You hit the lemure but do no damage.
The lemure is moderately wounded.
You hit the lemure.
The lemure is moderately wounded.
A lemure comes into view.
The lemure hits you.
* * * LOW HITPOINT WARNING * * *
The lemure misses you.
You hit the lemure but do no damage.
The lemure is moderately wounded.
The lemure hits you.
You die...

# .## .
.∆..#
#...^..
###.#(#.#
......5.
#.#.#K#
#...55#
#....@#
###.....#
#.......#
#.#....<#
# #.....#
#######


You could see Pikel and 3 lemures.

Vanquished Creatures
  A bullfrog skeleton (D:5)
1 creature vanquished.

Notes
Turn   | Place    | Note
-------+----------+-------------------------------------------
     0 | D:5      | Reached skill level 9 in Stealth
     0 | D:5      | Lemonice the Gnoll Delver began the quest for the Orb.
     0 | D:5      | Reached XP level 1. HP: 23/23 MP: 1/1
    38 | D:5      | Reached XP level 2. HP: 24/29 MP: 2/2
    38 | D:5      | Reached XP level 3. HP: 29/35 MP: 3/3
    53 | D:6      | Noticed a lemure
    60 | D:6      | Noticed a lemure
    61 | D:6      | Noticed Pikel
    64 | D:6      | Noticed a lemure
    64 | D:6      | HP: 1/35 [lemure[Pikel] (6)]
    65 | D:6      | Slain by a lemure

Illustrated notes

Levels and vault maps discovered:
D:5:      layout_basic
D:6:      layout_loops_ring, uniq_pikel, uniq_duvessa

Skill      XL: | |
---------------+-+-----
Stealth        | |  9.5
Fighting       | |  6.5
Short Blades   | |  0.6
Long Blades    | |  4.5
Axes           | |  0.6
Maces & Flails | |  0.6
Polearms       | |  0.6
Staves         | |  0.6
Slings         | |  0.6
Bows           | |  0.6
Crossbows      | |  0.6
Throwing       | |  0.6
Armour         | |  0.6
Dodging        | |  4.5
Shields        | |  0.6
Unarmed Combat | |  0.6
Spellcasting   | |  0.6
Conjurations   | |  0.4
Hexes          | |  0.4
Summonings     | |  0.4
Necromancy     | |  0.4
Translocations | |  0.4
Transmutations | |  0.4
Fire Magic     | |  0.4
Ice Magic      | |  0.4
Air Magic      | |  0.4
Earth Magic    | |  0.4
Poison Magic   | |  0.4
Invocations    | |  0.8
Evocations     | |  0.6

Action                   || total
-------------------------++-------
Melee: Falchion          ||    14
       Bite              ||     1
  Use: Scroll            ||     1
Armor: Leather armour    ||     1
Dodge: Dodged            ||    10
       Rpst.: Falchion   ||     2

Table legend: (Time is in decaauts)
 A = Elapsed time spent in this place.
 B = Non-inter-level travel time spent in this place.
 C = Inter-level travel time spent in this place.
 D = Time resting spent in this place.
 E = Time spent auto-exploring this place.
 F = Levels seen in this place.
 G = Mean time per level.
                   A        B        C        D        E       F      G
               +--------+--------+--------+--------+--------+-----+--------+
         Total |     65 |     65 |      0 |      0 |      0 |   2 |   32.5 |
       Dungeon |     65 |     65 |      0 |      0 |      0 |   2 |   32.5 |
               +--------+--------+--------+--------+--------+-----+--------+

Top non-repeatable levels by time:
     D:5: 53 daAuts
     D:6: 12 daAuts
